 Dungeon Crawl Stone Soup version 0.31-a0-845-g9abc20d24f (webtiles) character file.

Game seed: 5031151332122043908

513 Nattfarinn the Magician (level 7, -5/46 HPs)
             Began as a Gargoyle Venom Mage on Oct 3, 2023.
             Slain by an ogre
             ... wielding a +0 giant club
              (27 damage)
             ... on level 5 of the Dungeon.
             The game lasted 00:09:36 (4780 turns).

Nattfarinn the Magician (Gargoyle Venom Mage)       Turns: 4780, Time: 00:09:38

Health: -5/46      AC:  8    Str: 12    XL:     7   Next: 19%
Magic:  9/16       EV: 11    Int: 23    God:
Gold:   144        SH:  0    Dex: 10    Spells: 15/18 levels left

rFire   + + .        (no weapon)
rCold   . . .        (no shield)
rNeg    + . .        j - +1 robe of Imperfection {rF++}
rPois   ∞            (no helmet)
rElec   +            (no cloak)
rCorr   .            p - +0 pair of gloves
SInv    .            (no boots)
Will    .....        (no amulet)
Stlth   ++           e - +6 ring of intelligence
HPRegen 0.27/turn    (no ring)
MPRegen 0.15/turn

%: no passive effects
@: very slightly contaminated
A: sickness immunity, AC +4, negative energy resistance 1, electricity
resistance, torment resistance 1, petrification resistance, robust 1, wild magic
1
a: no special abilities


You were on level 5 of the Dungeon.
You visited 2 branches of the dungeon, and saw 6 of its levels.

You collected 144 gold pieces.

Inventory:

Missiles
 n - a throwing net
Armour
 a - a +0 robe
 j - the +1 robe of Imperfection (worn) {rF++}
   (You found it on level 2 of the Dungeon)

   rF++:      It greatly protects you from fire.
 p - a +0 pair of gloves (worn)
Jewellery
 d - an amulet of the acrobat
 e - a +6 ring of intelligence (left hand)
 m - a ring of protection from cold
Scrolls
 c - a scroll of teleportation
 f - a scroll of identify
 i - a scroll of enchant armour {unknown}
 l - a scroll of acquirement {unknown}
 o - a scroll of fear {unknown}
Potions
 b - 2 potions of magic
 g - 2 potions of degeneration


   Skills:
 - Level 3.8 Fighting
 + Level 0.0 Armour
 - Level 1.5 Dodging
 - Level 2.1 Stealth
 - Level 6.1 Spellcasting
 - Level 0.7 Transmutations
 - Level 3.0 Poison Magic


You had 15 spell levels left.
You knew the following spells:

 Your Spells              Type           Power      Damage    Failure   Level
a - Sting                 Tmut/Pois      80%        1d7       7%          1
b - Poisonous Vapours     Pois/Air       36%        N/A       11%         2

Your spell library contained the following spells:

 Spells                   Type           Power      Damage    Failure   Level
 Kiss of Death            Conj/Necr      36%        2d8       13%         1
 Summon Small Mammal      Summ           36%        N/A       13%         1
 Mephitic Cloud           Conj/Pois/Air  15%        N/A       24%         3
 Olgreb's Toxic Radiance  Pois           27%        N/A       32%         4
 Call Canine Familiar     Summ           9%         N/A       34%         3
 Confusing Touch          Hex            9%         N/A       34%         3
 Summon Guardian Golem    Hex/Summ       9%         N/A       34%         3
 Dispel Undead            Necr           9%         3d8       71%         4
 Malign Gateway           Summ/Tloc      4%         N/A       100%        7
 Summon Horrible Things   Summ           4%         N/A       100%        8


Dungeon Overview and Level Annotations

Branches:
Dungeon (5/15)             Temple (1/1) D:4

Altars:
Dithmenos
Elyvilon
Fedhas
Kikubaaqudgha
Makhleb
Okawaru
Qazlal
Ru
Sif Muna
Uskayaw
Wu Jian
Xom
Zin
The Shining One

Annotations:
D:4 1 runed translucent door, Crazy Yiuf


Innate Abilities, Weirdness & Mutations

You are immune to sickness and miasma.
Your stone body is resilient. (AC +4)
You are immune to poison.
You resist negative energy. (rN+)
You are resistant to electric shocks. (rElec)
You are resistant to unholy torment.
You are immune to petrification.
You are robust. (+10% HP)
Your spells are a little harder to cast, but a little more powerful.


Message History

There is a stone staircase leading down here.
You climb downwards.
You hear the hiss of flowing sand.
There is an entrance to an ossuary on this level.
Hurry and find it before the portal is buried!
There is a stone staircase leading up here.
You open the door.
There is an open door here.
You open the door.
An ogre comes into view. It is wielding a +0 giant club.
You miscast Sting.
You are very lightly contaminated with residual magic.
Nothing appears to happen.
The ogre shouts!
The sting hits the ogre.
The ogre is poisoned.
The ogre is moderately wounded.
The sting hits the ogre but does no damage.
The ogre looks even sicker.
The ogre is moderately wounded.
The ogre hits you with a +0 giant club!!
Ouch! That really hurt!
You are too injured to fight recklessly!
You are too injured to fight recklessly!
You are too injured to fight recklessly!
You are too injured to fight recklessly!
Casting: Sting (safe; 7% risk of failure)
Confirm with . or Enter, or press ? or * to list all spells.
Aiming: Poisonous Vapours (safe; 11% risk of failure)
Press: ? - help, Dir - move target, f/p - ogre
Aim: an ogre, wielding a +0 giant club (moderately wounded, very poisoned) Poisonous vapours surround the ogre!
The ogre looks even sicker.
Unknown command.
Casting: Poisonous Vapours (safe; 11% risk of failure)
Confirm with . or Enter, or press ? or * to list all spells.
Aiming: Poisonous Vapours (safe; 11% risk of failure)
Press: ? - help, Dir - move target, f/p - ogre
Aim: an ogre, wielding a +0 giant club (heavily wounded, very poisoned) Poisonous vapours surround the ogre!
The ogre looks as sick as possible!
The ogre hits you with a +0 giant club!!
Ouch! That really hurt!
You die...

#####.##
#.# #.#
#.# #.#
##'##
#...#
#...#
#.@.#
##O##
#.. ..##
... ....
....
.....#


You could see an ogre (extremely poisoned).

Vanquished Creatures
  Grinder (D:3)
  2 howler monkeys (D:4)
  A hound (D:4)
  2 orc wizards
  3 gnolls
  4 adders
  An ufetubus (D:4)
  A worm (D:2)
  4 dart slugs
  5 orcs
  9 ball pythons
  4 endoplasms
  4 giant cockroaches
  11 goblins
  6 hobgoblins
  8 jackals (D:2)
  A quokka (D:4)
  8 bats
  3 frilled lizards
  4 kobolds
  3 rats (D:1)
85 creatures vanquished.

Vanquished Creatures (others)
  An orc wizard (D:4)
1 creature vanquished.

Grand Total: 86 creatures vanquished

Notes
Turn   | Place    | Note
-------+----------+-------------------------------------------
     0 | D:1      | Nattfarinn the Gargoyle Venom Mage began the quest for the
                  | Orb.
     0 | D:1      | Reached XP level 1. HP: 10/10 MP: 3/3
   279 | D:1      | Reached skill level 1 in Fighting
   322 | D:1      | You fall into a shaft and drop 1 floor!
   328 | D:2      | Reached XP level 2. HP: 17/17 MP: 1/5
   353 | D:2      | Reached XP level 3. HP: 22/22 MP: 0/6
  1314 | D:2      | Identified the +1 robe of Imperfection {rF++}
  1338 | D:2      | Learned a level 2 spell: Poisonous Vapours
  1394 | D:2      | Reached XP level 4. HP: 29/29 MP: 5/7
  2585 | D:2      | Reached skill level 3 in Spellcasting
  2739 | D:3      | Reached XP level 5. HP: 27/33 MP: 0/10
  3192 | D:3      | Noticed Grinder
  3205 | D:3      | Gained mutation: Your spells are a little harder to cast,
                  | but a little more powerful. [potion of mutation]
  3205 | D:3      | Gained mutation: You are robust. (+10% HP) [potion of
                  | mutation]
  3209 | D:3      | Killed Grinder
  3210 | D:3      | Reached skill level 5 in Spellcasting
  3210 | D:3      | Reached XP level 6. HP: 10/41 MP: 3/13
  3988 | D:4      | Reached XP level 7. HP: 41/46 MP: 4/15
  4101 | D:4      | Found a staircase to the Ecumenical Temple.
  4118 | D:4      | Found a shadowy altar of Dithmenos.
  4154 | Temple   | Entered the Ecumenical Temple
  4263 | D:4      | Reached skill level 6 in Spellcasting
  4700 | D:4      | Found a runed translucent door.
  4701 | D:4      | Noticed Crazy Yiuf
  4754 | D:5      | Entered Level 5 of the Dungeon
  4780 | D:5      | Slain by an ogre

Illustrated notes

Levels and vault maps discovered:
D:1:      kilobyte_arrival_exit_the_forest, layout_basic, minmay_misc_feat_five,
          minmay_distorted
D:2:      minmay_recursive_quarters, layout_loops_ring, minmay_diced_spiral
D:3:      layout_basic, nicolae_elevator_lobby_plus, uniq_grinder
D:4:      layout_basic, mainiacjoe_overflow_paths, temple_pool_b,
          uniq_crazy_yiuf_cottage
D:5:      layout_basic, lemuel_coloured_pillars_altar,
          gammafunk_temple_overflow_statue, enter_ossuary_3
Temple:   hellmonk_temple_forest_ring

Skill      XL: |  1  2  3  4  5  6  7 |
---------------+----------------------+-----
Fighting       | 1 2 3 |  3.8
Spellcasting   | 3 5 6 |  6.1
Dodging        | |  1.5
Stealth        | |  2.1
Transmutations | |  0.7
Poison Magic   | |  3.0

Action                     |  1- 3 |  4- 6 |  7- 9 || total
---------------------------+-------+-------+-------++-------
  Melee: Unarmed           |    69 |    90 |    11 ||   170
         Punch             |     2 |       |       ||     2
   Cast: Sting             |    47 |    91 |    25 ||   163
         Poisonous Vapours |       |     8 |     8 ||    16
    Use: Potion            |       |     4 |       ||     4
         Scroll            |       |     3 |       ||     3
 Armour: Robe              |    54 |    88 |    25 ||   167
  Dodge: Dodged            |    70 |    91 |     8 ||   169

Table legend: (Time is in decaauts)
 A = Elapsed time spent in this place.
 B = Non-inter-level travel time spent in this place.
 C = Inter-level travel time spent in this place.
 D = Time resting spent in this place.
 E = Time spent auto-exploring this place.
 F = Levels seen in this place.
 G = Mean time per level.
                   A        B        C        D        E       F      G
               +--------+--------+--------+--------+--------+-----+--------+
         Total |   4794 |   4561 |    233 |    337 |   3534 |   6 |  799.0 |
       Dungeon |   4772 |   4560 |    212 |    337 |   3534 |   5 |  954.4 |
        Temple |     21 |      0 |     21 |      0 |      0 |   1 |   21.0 |
               +--------+--------+--------+--------+--------+-----+--------+

Top non-repeatable levels by time:
     D:2: 1411 daAuts
     D:1: 1263 daAuts
     D:3: 1066 daAuts
     D:4: 1004 daAuts
     D:5: 25 daAuts
  Temple: 21 daAuts
